 Dungeon Crawl Stone Soup version 0.31.0-12-g77e489cdc1 (webtiles) character file.

Game seed: 12487929018248655933

121 Silvore the Trooper (level 4, -5/36 HPs)
             Began as a Demonspawn Fighter on Feb 14, 2024.
             Succumbed to an orc wizard's poison
             ... on level 3 of the Dungeon.
             The game lasted 00:02:20 (1782 turns).

Silvore the Trooper (Demonspawn Fighter)            Turns: 1782, Time: 00:02:21

Health: -5/36      AC:  7    Str: 19    XL:     4   Next: 77%
Magic:  4/4        EV:  9    Int:  8    God:
Gold:   70         SH:  4    Dex: 12    Spells: 3/3 levels left

rFire   . . .        a - +0 long sword
rCold   . . .        c - +0 buckler
rNeg    + . .        b - +0 scale mail
rPois   .            l - +0 helmet
rElec   .            (no cloak)
rCorr   .            (no gloves)
SInv    .            (no boots)
Will    .....        (no amulet) Stlth
                     j - ring of positive energy
HPRegen 0.26/turn    (no ring)
MPRegen 0.09/turn

%: no passive effects
@: lethally poisoned (-5 -> -34)
A: weakness stinger 1
a: no special abilities


You were on level 3 of the Dungeon.
You visited 1 branch of the dungeon, and saw 3 of its levels.

You collected 70 gold pieces.

Inventory:

Hand Weapons
 a - a +0 long sword (weapon)
Armour
 b - a +0 scale mail (worn)
 c - a +0 buckler (worn)
 l - a +0 helmet (worn)
Jewellery
 h - an amulet of magic regeneration
 j - a ring of positive energy (left hand)
Scrolls
 e - a scroll of fog
 f - 2 scrolls of revelation
 g - 2 scrolls of immolation
Potions
 d - a potion of might
 i - a potion of ambrosia {unknown}
 k - a potion of lignification


   Skills:
 + Level 3.6 Fighting
 + Level 3.0 Long Blades
 + Level 3.1 Armour
 + Level 1.1 Dodging
 + Level 3.1 Shields


You had 3 spell levels left.
You didn't know any spells.
Your spell library was empty.

Dungeon Overview and Level Annotations

Branches:
Dungeon (3/15)

Altars:


Innate Abilities, Weirdness & Mutations

You have a small tail.


Message History

The orc closely misses you.
You closely miss the orc.
Your tail-slap misses the orc.
The orc is heavily wounded.
The orc hits you but does no damage.
Unknown command.
You closely miss the orc. You tail-slap the orc.
The orc is heavily wounded.
The orc barely misses you. The orc hits you with a +0 dagger.
You hit the orc.
You kill the orc!
You hear the rusting of a drain very nearby.
You hit the rat.
You kill the rat!
You closely miss something.
Your tail-slap misses something.
Something hits you but does no damage.
You are poisoned.
You closely miss something.
Your tail-slap misses something.
You feel very sick. Something completely misses you.
Something hits you but does no damage.
You are more poisoned.
You miss something.
You feel very sick. Something hits you but does no damage.
You are more poisoned.
You hit something.
You feel very sick. Something hits you but does no damage.
You are lethally poisoned!
You miss something.
You feel extremely sick. Something hits you.
You are more poisoned.
Something hits you.
You closely miss something.
* * * LOW HITPOINT WARNING * * *
You feel extremely sick. Something hits you but does no damage.
You are more poisoned.
You completely miss something.
You die...

≈≈≈≈####......,,,*,~**,,*~~~**,**
....'.##.#...,,,,*,~*,,,*~~~*,**~
....'....#..,,,,,*,~***,*****,**~
≈≈§§####.#.##+#***,~~*,,,,,,,,,*~
≈§§§####.#.##.####,~~*****,*****~
§§≈≈#............#,,~~~~~*,*~~~~~
§§≈##....#.##.##.#*,~~~~~*,*~~~~~
≈§########..#.##.#*,,~~~~*,*~~~~,
≈##,,,,,,......#@#*,,,~~~*,*~~~,,
##*,****##.#.#.#{#*,*,,,~*,*~,,,*
#,,,,****#######r#*,***,,,,,,,***
*,*,**~∩~~~~~~~.J.,,* ***,,****
*,*,,**********...,******,****
*,*,,,* *,*,*##>..,,,,,,,,,,*
,,,,,,****,*,**#.#.*********,*
,,,,,,,,,,,*,*,.....,,,,,,,*,*
,,,*,,,,****,*,*,*,,,*****,*,*


You could see an endoplasm and a rat.

Vanquished Creatures
  Jessica (D:2)
  3 adders
  4 dart slugs
  2 orcs (D:3)
  2 endoplasms (D:1)
  3 giant cockroaches (D:1)
  6 goblins
  5 hobgoblins
  7 jackals (D:2)
  5 quokkas
  4 ball pythons
  3 bats
  4 frilled lizards
  5 kobolds
  A rat (D:3)
55 creatures vanquished.

Notes
Turn   | Place    | Note
-------+----------+-------------------------------------------
     0 | D:1      | Silvore the Demonspawn Fighter began the quest for the Orb.
     0 | D:1      | Reached XP level 1. HP: 18/18 MP: 1/1
   152 | D:1      | Gained mutation: You have a small tail. [demonic ancestry]
   152 | D:1      | Reached XP level 2. HP: 24/24 MP: 2/2
   760 | D:2      | Reached XP level 3. HP: 24/29 MP: 3/3
   932 | D:2      | Reached skill level 1 in Dodging
  1151 | D:2      | Noticed Jessica
  1157 | D:2      | Killed Jessica
  1158 | D:2      | Reached XP level 4. HP: 35/35 MP: 4/4
  1782 | D:3      | Succumbed to an orc wizard's poison

Illustrated notes

Levels and vault maps discovered:
D:1:      eino_arrival_tree_alley, layout_basic, nicolae_the_louvre
D:2:      layout_basic, uniq_jessica
D:3:      kennysheep_big_flooded_room, layout_basic,
          chequers_temple_overflow_statue_of_worship, portal_sewer_entry_d,
          grunt_decor_junction, kennysheep_path_1

Skill      XL: |  1  2  3  4 |
---------------+-------------+-----
Long Blades    | 2 3 |  3.0
Armour         | 3 |  3.1
Shields        | 3 |  3.1
Dodging        | 1 |  1.1
Fighting       | |  3.6

Action                     |  1- 3 |  4- 6 || total
---------------------------+-------+-------++-------
  Melee: Long sword        |   109 |    46 ||   155
         Tailslap          |     9 |     3 ||    12
    Use: Scroll            |     5 |     1 ||     6
 Armour: Scale mail        |    96 |    34 ||   130
  Dodge: Dodged            |    69 |    13 ||    82
  Block: Buckler           |    40 |     7 ||    47
